Map: Pillars of Gold LE

Players

goblin

  • Race: Protoss Protoss
  • League: Grandmaster
  • Spawn Location: 1:00

Kas - Winner!

  • Race: Terran Terran
  • Spawn Location: 7:00

Event: DreamHack SC2 Masters 2020 Winter

VOD

Have the link to the VOD?

Description

Time

  • Played on: Oct. 23, 2020, 1:08 p.m.
  • Length: 11:16

All games in this series

Show
View Real Time Build Order
Export as new Build Order

goblin Protoss 

Build Orders: 1 Gate Expand, Phoenix Opening 

Get SALT Encoding   

  12  0:00  Probe  
  13  0:12  Probe  
  14  0:18  Pylon  
  14  0:24  Probe (Chrono Boost)  
  15  0:36  Probe (Chrono Boost)  
  15  0:38  Gateway  
  16  0:44  Probe (Chrono Boost)  
  16  0:47  Assimilator  
  17  0:50  Probe  
  18  1:03  Probe  
  19  1:15  Probe  
  20  1:25  Cybernetics Core  
  20  1:37  Nexus  
  20  1:44  Pylon  
  20  1:47  Probe  
  21  1:53  Assimilator  
  21  1:59  Probe  
  21  2:00  Adept (Chrono Boost)  
  24  2:11  Probe  
  25  2:23  Stalker (Chrono Boost), Probe  
  27  2:31  Stargate  
  27  2:36  Probe  
  26  2:48  Probe  
  26  2:51  Probe  
  27  3:03  Probe (Chrono Boost)  
  27  3:04  Probe (Chrono Boost)  
  31  3:13  Probe (Chrono Boost)  
  31  3:15  Probe (Chrono Boost)  
  31  3:16  Phoenix  
  31  3:18  Probe (Chrono Boost)  
  35  3:29  Probe x2 (Chrono Boost)  
  36  3:35  Twilight Council  
  36  3:37  Probe (Chrono Boost)  
  36  3:38  Probe (Chrono Boost)  
  38  3:42  Phoenix  
  38  3:47  Probe  
  42  3:48  Probe  
  42  3:59  Probe (Chrono Boost)  
  42  4:01  Pylon  
  44  4:06  Probe (Chrono Boost)  
  44  4:10  Phoenix  
  44  4:13  Pylon  
  44  4:17  Charge  
  46  4:18  Probe  
  46  4:19  Probe  
  48  4:30  Probe  
  49  4:34  Gateway  
  49  4:35  Gateway  
  49  4:37  Phoenix  
  51  4:38  Warp Gate (Chrono Boost)  
  51  4:42  Probe  
  51  4:44  Pylon  
  52  4:48  Probe  
  52  4:52  Pylon  
  53  4:54  Assimilator, Probe  
  54  5:04  Phoenix  
  56  5:09  Shield Battery  
  56  5:10  Shield Battery  
  56  5:12  Gateway  
  56  5:13  Gateway  
  56  5:16  Zealot  
  58  5:22  Shield Battery  
  58  5:29  Phoenix  
  58  5:34  Pylon  
  60  5:35  Shield Battery  
  60  5:46  Gateway  
  60  5:47  Pylon  
  58  5:56  Phoenix  
  52  6:07  Stalker x2  
  51  6:12  Stalker x2, Zealot  
  56  6:22  Phoenix  
  58  6:43  Probe x2  
  59  6:53  Nexus  
  59  6:59  Probe (Chrono Boost)  
  61  7:04  Sentry  
  61  7:05  Probe (Chrono Boost)  
  64  7:08  Probe (Chrono Boost)  
  64  7:12  Probe (Chrono Boost)  
  64  7:13  Probe (Chrono Boost)  
  66  7:19  Phoenix  
  68  7:23  Forge, Probe  
  68  7:25  Probe  
  70  7:35  Nexus  
  70  7:37  Probe  
  70  7:38  Probe  
  70  7:41  Protoss Air Weapons Level 1  
  72  7:44  Phoenix (Chrono Boost)  
  72  7:49  Probe  
  72  7:51  Pylon  
  75  7:52  Probe  
  75  7:56  Zealot  
  78  8:05  Zealot x2  
  78  8:06  Phoenix (Chrono Boost)  
  78  8:07  Probe (Chrono Boost)  
  78  8:08  Probe (Chrono Boost)  
  78  8:09  Probe (Chrono Boost)  
  87  8:16  Protoss Ground Armor Level 1 (Chrono Boost)  
  87  8:18  Probe (Chrono Boost)  
  87  8:19  Probe (Chrono Boost)  
  90  8:20  Probe (Chrono Boost)  
  90  8:23  Probe (Chrono Boost)  
  90  8:24  Phoenix  
  93  8:35  Zealot x3  
  93  8:40  Probe  
  100  8:43  Pylon  
  100  8:44  Pylon  
  100  8:45  Probe x2  
  100  8:47  Probe  
  103  8:51  Oracle (Chrono Boost)  
  103  8:52  Probe  
  107  8:57  Zealot  
  107  8:58  Zealot x2  
  113  9:08  Zealot x3  
  119  9:14  Pylon x2  
  119  9:18  Gateway  
  119  9:23  Pylon  
  117  9:31  Zealot x2  
  117  9:32  Zealot x3  
  117  9:38  Zealot  
  129  9:44  Cybernetics Core  
  113  10:04  Probe  
  100  10:12  Zealot  
  100  10:13  Pylon, Zealot x2  
  102  10:16  Pylon, Zealot x3  
  102  10:20  Templar Archives  
  108  10:27  Forge, Nexus  
  108  10:29  Robotics Facility  
  108  10:31  Pylon  
  108  10:33  Zealot x3  
  96  10:50  Zealot x3  
  96  10:53  Zealot x2  
  96  10:54  Zealot  
  102  10:57  Gateway  
  102  10:59  Gateway  
Show
View Real Time Build Order
Export as new Build Order

Kas Terran - Winner!

Build Orders: Reaper Expand 

Get SALT Encoding   

  12  0:00  SCV  
  13  0:12  SCV  
  14  0:17  Supply Depot  
  14  0:25  SCV  
  15  0:39  SCV  
  15  0:41  Barracks  
  16  0:45  Refinery  
  16  0:51  SCV  
  17  1:03  SCV  
  18  1:15  SCV  
  19  1:28  Orbital Command, Reaper  
  20  1:49  Command Center  
  20  1:54  SCV  
  20  1:57  Supply Depot  
  21  2:01  Marine  
  21  2:06  SCV  
  23  2:12  Factory  
  23  2:19  SCV  
  23  2:21  Refinery  
  24  2:24  Barracks Reactor  
  24  2:30  Bunker  
  24  2:42  SCV  
  25  3:03  SCV  
  25  3:04  Widow Mine, Starport, Marine x2  
  29  3:12  Orbital Command  
  29  3:20  SCV  
  29  3:22  Marine x2  
  32  3:28  Factory Tech Lab  
  32  3:32  SCV  
  33  3:39  SCV  
  33  3:40  Marine x2  
  36  3:42  Medivac  
  36  3:47  SCV  
  39  3:49  Cyclone  
  39  3:55  Supply Depot  
  41  3:57  SCV  
  41  3:58  Marine  
  41  3:59  SCV  
  41  4:01  Marine  
  45  4:09  SCV  
  46  4:10  Supply Depot  
  46  4:16  Viking  
  46  4:17  SCV  
  49  4:21  Marine  
  49  4:22  Marine  
  49  4:23  Cyclone  
  54  4:31  SCV  
  54  4:32  SCV  
  54  4:33  Supply Depot  
  56  4:39  Marine  
  56  4:40  Marine  
  56  4:43  SCV  
  56  4:44  SCV  
  60  4:48  Viking  
  62  4:56  SCV  
  62  4:57  SCV, Command Center  
  64  5:02  Marine x2  
  64  5:03  Cyclone  
  69  5:08  SCV  
  69  5:13  Supply Depot  
  70  5:16  Supply Depot  
  70  5:17  SCV  
  71  5:22  SCV  
  71  5:24  Marine  
  73  5:28  Barracks  
  73  5:29  SCV  
  73  5:32  Starport Tech Lab  
  73  5:34  SCV, Barracks, Marine  
  76  5:44  Marine  
  76  5:45  Siege Tank  
  80  5:52  Marine  
  76  6:01  SCV  
  76  6:02  Marine  
  78  6:06  SCV  
  78  6:10  Marine, Orbital Command  
  75  6:18  Engineering Bay  
  75  6:20  Marine  
  75  6:23  SCV x2  
  75  6:24  Marine  
  75  6:31  Barracks  
  75  6:32  Barracks  
  67  6:34  Refinery  
  67  6:35  Supply Depot, Refinery, SCV x2  
  67  6:39  Supply Depot  
  66  6:40  SCV  
  66  6:42  Factory Reactor  
  66  6:46  Stimpack  
  65  6:47  SCV x2  
  65  6:48  Starport Reactor  
  65  6:50  Terran Infantry Weapons Level 1  
  65  6:51  Missile Turret  
  65  6:53  SCV  
  68  6:56  Missile Turret  
  68  6:58  Bunker, Missile Turret  
  69  7:01  SCV x2  
  69  7:03  Marine  
  69  7:05  Combat Shield  
  69  7:07  SCV  
  72  7:13  SCV  
  72  7:14  Marine x3  
  75  7:16  SCV  
  75  7:20  Barracks Tech Lab, Barracks Reactor  
  75  7:21  Marine  
  77  7:23  Widow Mine x2  
  77  7:24  SCV, Medivac  
  77  7:27  Medivac  
  77  7:28  SCV  
  87  7:31  SCV  
  87  7:35  Marauder x2  
  87  7:36  SCV  
  93  7:40  SCV  
  93  7:41  Ghost Academy  
  93  7:43  SCV, Marine  
  93  7:44  Marine  
  97  7:45  Widow Mine, Marauder  
  97  7:46  Widow Mine  
  97  7:47  Orbital Command  
  103  7:52  SCV  
  104  7:59  Armory, SCV, Medivac  
  104  8:00  Engineering Bay  
  104  8:04  SCV  
  108  8:11  Marauder x2, Supply Depot, SCV  
  108  8:12  Widow Mine, Supply Depot  
  115  8:13  SCV  
  115  8:17  Missile Turret  
  115  8:19  Marine x2  
  118  8:20  Marine  
  118  8:21  Marine  
  118  8:23  Concussive Shells  
  120  8:28  Refinery x2  
  120  8:35  Terran Infantry Armor Level 1  
  120  8:39  Marine x2, Marauder x2  
  120  8:40  Marauder, Medivac x2  
  132  8:42  Marine x2  
  132  8:44  Widow Mine  
  132  8:46  Supply Depot  
  136  8:59  Widow Mine  
  136  9:00  Marine x2  
  140  9:08  Widow Mine  
  140  9:09  Ghost x2  
  146  9:11  Marine, Marauder  
  146  9:14  Barracks  
  146  9:15  Barracks  
  146  9:17  Barracks  
  149  9:26  Command Center  
  149  9:29  Marine  
  149  9:31  Widow Mine  
  148  9:34  Widow Mine  
  148  9:39  Marine  
  149  9:48  Supply Depot  
  149  9:49  Marauder x2, Marine x2, Supply Depot x2, Medivac  
  149  9:50  Supply Depot  
  149  9:51  Supply Depot  
  157  9:54  Marine  
  157  9:56  Medivac, Marauder  
  157  9:59  Marine  
  153  10:02  Widow Mine x2  
  153  10:06  Marine x2  
  141  10:10  Barracks Tech Lab x2, Marine x2  
  141  10:11  Marine, Barracks Reactor  
  129  10:16  Marine  
  129  10:17  Marine  
  129  10:19  Medivac  
  133  10:24  Marine x2  
  133  10:26  Medivac  
  133  10:27  Widow Mine x2  
  145  10:28  Marauder x2  
  145  10:29  Marine  
  145  10:34  Marine  
  145  10:35  Marine  
  142  10:49  Marine x3, Marauder x2  
  141  10:50  Marauder  
  141  10:52  Marine x3, Marauder  
  141  10:53  Marauder  
  141  10:54  SCV  
Tags
 
Add a new tag
Caveats
  • Supply blocks, unpowered buildings, or Contaminate may cause inaccurate times.
  • Supply counts are checked every 10 seconds.